[Event "ICC tourney 1954 (60 10)"]
[Site "Internet Chess Club"]
[Date "2020.08.07"]
[Round "1"]
[White "seaglass-chess"]
[Black "chessrdu20"]
[Result "0-1"]
[ICCResult "White resigns"]
[WhiteElo "1296"]
[BlackElo "1063"]
[Opening "English opening"]
[ECO "A20"]
[NIC "EO.24"]
[Time "12:21:30"]
[TimeControl "3600+10"]

1. c4 e5 2. g3 Nf6 3. Bg2 Nc6 4. Nc3 Bc5 5. e3 d6 6. Nf3 Qe7 7. O-O Be6 8.
d3 h6 9. Rb1 a6 10. a3 a5 11. Nb5 O-O 12. Bd2 d5 13. Qc2 Rad8 14. cxd5 Rxd5
15. Nc3 Rd7 16. Na4 Ba7 17. Rfc1 Rd5 18. Ne1 Rdd8 19. Bxc6 bxc6 20. Qxc6 e4
21. d4 Rd7 22. Bxa5 Bd5 23. Qc3 c6 24. Bb4 Qe8 25. Bxf8 Qxf8 26. Nc5 Re7 27.
Nc2 Nd7 28. Nxd7 Rxd7 29. Nb4 Be6 30. Qxc6 Rd8 31. Qxe4 Bb8 32. d5 Bd7 33.
Nc6 Re8 34. Qc4 Bd6 35. b4 Bf5 36. Ra1 Re4 37. Qe2 Qe8 38. Kg2 Bg4 39. Qd3
f6 40. Rc4 Bf5 41. Qe2 Bg4 42. Qc2 Bf5 43. Qe2 Bg4 44. Qf1 Qh5 45. h4 Bf3+
46. Kg1 Qg4 47. Rac1 Bxg3 48. Ne7+ Kh7 49. Rxe4 Bf4+ {White resigns} 0-1

[Event "ICC tourney 1954 (60 10)"]
[Site "Internet Chess Club"]
[Date "2020.08.07"]
[Round "1"]
[White "layla0422"]
[Black "chesspanda0610"]
[Result "0-1"]
[ICCResult "White checkmated"]
[WhiteElo "867"]
[BlackElo "598"]
[Opening "Giuoco Pianissimo"]
[ECO "C50"]
[NIC "IG.02"]
[Time "12:21:40"]
[TimeControl "3600+10"]

1. e4 e5 2. Nf3 Nc6 3. Bc4 Bc5 4. d3 Nf6 5. O-O d6 6. Ng5 O-O 7. Nd2 h6 8.
Ngf3 Re8 9. Nb3 Bb6 10. Re1 Bg4 11. c3 Qd7 12. h3 Be6 13. Bxe6 Qxe6 14. d4
Rad8 15. d5 Qd7 16. dxc6 Qxc6 17. Qd3 Nh5 18. Be3 Bxe3 19. Qxe3 Nf4 20. Nh4
g6 21. Qg3 Kh7 22. Nc1 Qa6 23. Qg4 Rg8 24. Ne2 Nd3 25. Rf1 Nxb2 26. Qf3 Nd3
27. Qxf7+ Rg7 28. Qf6 Rdg8 29. g4 Nc5 30. Ng3 Qc4 31. g5 Qf7 32. Qxf7 Rxf7
33. gxh6 Kxh6 34. Ng2 Rf3 35. Rac1 Rgf8 36. Nh4 R3f4 37. Ng2 Rf3 38. h4 Na4
39. Rb1 b6 40. c4 Nc5 41. Rbe1 Ra3 42. h5 Rxa2 43. hxg6 Kxg6 44. Re3 Kf6 45.
Rf3+ Ke7 46. Nf5+ Ke8 47. Ng7+ Ke7 48. Rxf8 Kxf8 49. Nf5 Nxe4 50. Ngh4 Nd2
51. Re1 Rc2 52. Re2 Nf3+ 53. Kf1 Rc1+ 54. Kg2 Nxh4+ 55. Nxh4 Rxc4 56. Ng6+
Kf7 57. Nxe5+ dxe5 58. Rxe5 Rc6 59. f4 Kf6 60. Kf3 Re6 61. Rh5 c5 62. Kg4
Kg7 63. f5 Rh6 64. Rg5+ Kf6 65. Rg8 Kf7 66. Ra8 a5 67. Kf4 Kf6 68. Ra6 Rh4+
69. Kg3 Rb4 70. Ra8 Kxf5 71. Rf8+ Ke5 72. Kf3 Kd4 73. Rf4+ Kc3 74. Rf5 a4
75. Kg2 Rb2+ 76. Kf1 a3 77. Rf3+ Kc2 78. Rf2+ Kb1 79. Rf3 a2 80. Ra3 a1=Q
81. Rxa1+ Kxa1 82. Ke1 Rc2 83. Kd1 Kb1 84. Ke1 b5 85. Kd1 b4 86. Ke1 b3 87.
Kd1 b2 88. Ke1 Kc1 89. Kf1 b1=Q 90. Ke1 Kb2# {White checkmated} 0-1

[Event "ICC tourney 1954 (60 10)"]
[Site "Internet Chess Club"]
[Date "2020.08.07"]
[Round "1"]
[White "nogf-Sadge"]
[Black "WizardY"]
[Result "1/2-1/2"]
[ICCResult "Game drawn by mutual agreement"]
[WhiteElo "1188"]
[BlackElo "914"]
[Opening "Sicilian"]
[ECO "B50"]
[NIC "SI.01"]
[Time "12:22:19"]
[TimeControl "3600+10"]

1. e4 c5 2. Nf3 d6 3. Nc3 Nc6 4. g3 Nf6 5. Bg2 g6 6. d3 Bg7 7. O-O O-O 8.
Bg5 a6 9. a4 Rb8 10. Qd2 b5 11. axb5 axb5 12. Bh6 b4 13. Nd5 e6 14. Bxg7
Kxg7 15. Ne3 Bb7 16. c3 Ra8 17. Rxa8 Qxa8 18. Nc4 Rd8 19. Qf4 e5 20. Qd2 Qa2
21. cxb4 Nxb4 22. Nh4 h6 23. f4 Nxe4 24. Qe3 Nc2 25. Qe2 Nd4 26. Qe1 Nc2 27.
Qa5 Qxa5 28. Nxa5 Ne3 29. Nxb7 Rd7 30. Bxe4 Nxf1 31. Kxf1 d5 32. Nxc5 Rc7
33. Bxd5 Rxc5 34. Bc4 exf4 35. gxf4 Rc8 36. Ke2 Rb8 37. b3 Kf6 38. Kf3 g5
39. fxg5+ hxg5 40. Ng2 Ke5 41. h4 gxh4 42. Nxh4 Kd4 43. Kf4 Re8 44. Nf5+ Kc3
45. Nd6 Rd8 46. Nxf7 Rxd3 47. Ng5 Rd4+ 48. Ne4+ Kb4 49. Be6 Rd3
{Game drawn by mutual agreement}
1/2-1/2

[Event "ICC tourney 1954 (60 10)"]
[Site "Internet Chess Club"]
[Date "2020.08.07"]
[Round "1"]
[White "TigranJunior"]
[Black "MBashur"]
[Result "0-1"]
[ICCResult "White resigns"]
[WhiteElo "1296"]
[BlackElo "1020"]
[Opening "Réti opening"]
[ECO "A04"]
[NIC "QP.11"]
[Time "12:22:22"]
[TimeControl "3600+10"]

1. Nf3 d6 2. c4 Nf6 3. e3 c6 4. Nc3 e5 5. d3 Be7 6. Be2 O-O 7. Qc2 c5 8. O-O
Nc6 9. a3 Re8 10. h3 Bd7 11. b3 Rc8 12. Bb2 Be6 13. Rfd1 Nd7 14. Bf1 Bf6 15.
Ne4 Be7 16. d4 cxd4 17. exd4 f5 18. d5 fxe4 19. Qxe4 Nc5 20. Qe3 Nd4 21.
dxe6 Ndxb3 22. Nxe5 Nxa1 23. Bxa1 Nxe6 24. Qg3 Bh4 25. Qg4 Bf6 26. Qh5 Qe7
27. Bd3 g5 28. Ng4 Bxa1 29. Nh6+ Kf8 30. Rxa1 Nf4 31. Qf3 Qf6 32. Rd1 Qxh6
33. g3 Qxh3 34. Bf1 Qh5 35. Qc3 Qxd1 36. Qh8+ Ke7 37. Qg7+ Kd8 38. Qxg5+ Kc7
39. Qxf4 Re1 40. c5 Rxf1+ 41. Kg2 Rg1+ 42. Kh2 Rh1+ 43. Kg2 Qg1+ 44. Kf3
Qd1+ 45. Kg2 Qd5+ 46. f3 Rd1 47. cxd6+ Qxd6 48. Qf7+ Qd7 49. Qf4+ Rd6 50. g4
Kb8 51. Kh3 Ka8 52. Kh4 Rcc6 53. Qb4 Rh6+ 54. Kg5 Qd5+ 55. Kf4 Rc4+
{White resigns}
0-1

[Event "ICC tourney 1954 (60 10)"]
[Site "Internet Chess Club"]
[Date "2020.08.07"]
[Round "1"]
[White "stepke"]
[Black "ruhanv"]
[Result "1-0"]
[ICCResult "Black checkmated"]
[WhiteElo "1326"]
[BlackElo "938"]
[Opening "QGD"]
[ECO "D52"]
[NIC "SL.01"]
[Time "12:21:52"]
[TimeControl "3600+10"]

1. d4 d5 2. c4 c6 3. Nc3 Nf6 4. Bg5 Nbd7 5. Nf3 e6 6. e3 Qb6 7. Qc2 Be7 8.
Bd3 O-O 9. O-O Re8 10. c5 Qd8 11. Rad1 Nf8 12. Ne5 N6d7 13. Bxe7 Qxe7 14.
Nxd7 Bxd7 15. Rfe1 Qg5 16. e4 Ng6 17. g3 Rac8 18. e5 Rf8 19. Ne2 f5 20. Qd2
Qxd2 21. Rxd2 Be8 22. Kg2 Bd7 23. f4 Nh8 24. Ng1 g6 25. Nf3 Nf7 26. Rc2 Nd8
27. h3 Kg7 28. b4 a6 29. Rb1 b5 30. a4 Ra8 31. Ra2 Nf7 32. Rba1 Rfb8 33.
axb5 cxb5 34. Rxa6 Rxa6 35. Rxa6 Bc8 36. Ra5 Bd7 37. Ne1 Rb7 38. Nc2 Nd8 39.
Na3 Rb8 40. Ra7 Nb7 41. Bxb5 Bxb5 42. Nxb5 Kf8 43. Nc7 Nd8 44. b5 Rb7 45.
Rxb7 Nxb7 46. c6 Nd8 47. Na6 Ke7 48. c7 Kd7 49. cxd8=Q+ Kxd8 50. Kf2 Kc8 51.
Ke3 Kb7 52. Kd3 Kb6 53. Kc3 Kxb5 54. Nc7+ Kb6 55. Nxe6 Kc6 56. Kb4 Kd7 57.
Nf8+ Ke7 58. Nxh7 Ke6 59. Ng5+ Kd7 60. Kc5 Kc7 61. Kxd5 Kd7 62. e6+ Ke7 63.
Ke5 Ke8 64. d5 Kd8 65. d6 Ke8 66. Nh7 Kd8 67. Kf6 g5 68. fxg5 f4 69. gxf4
Ke8 70. g6 Kd8 71. g7 Kc8 72. g8=Q+ Kb7 73. e7 Kc6 74. e8=Q+ Kxd6 75. Qgf8+
Kd5 76. Qe5+ Kc4 77. Qfc5+ Kd3 78. Qcd4+ Kc2 79. Qec5+ Kb3 80. Qdb4+ Ka2 81.
Qca5# {Black checkmated} 1-0

[Event "ICC tourney 1954 (60 10)"]
[Site "Internet Chess Club"]
[Date "2020.08.07"]
[Round "1"]
[White "BabyFelix"]
[Black "pillaivar"]
[Result "1/2-1/2"]
[ICCResult "Game drawn by mutual agreement"]
[WhiteElo "1103"]
[BlackElo "1166"]
[Opening "French: advance, Paulsen attack"]
[ECO "C02"]
[NIC "FR.03"]
[Time "12:21:50"]
[TimeControl "3600+10"]

1. e4 e6 2. d4 d5 3. e5 c5 4. c3 Nc6 5. Nf3 Qb6 6. Be2 cxd4 7. cxd4 Bb4+ 8.
Nc3 Nh6 9. Bxh6 gxh6 10. Qd2 Bxc3 11. Qxc3 Bd7 12. O-O-O Rc8 13. Kb1 Rg8 14.
Qd3 Rg7 15. Rhg1 Na5 16. Qe3 Bb5 17. Bxb5+ Qxb5 18. Qxh6 Nc4 19. b3 Na3+ 20.
Ka1 Nc2+ 21. Kb2 Qb4 22. Qd2 Qa3+ 23. Kb1 Nb4 24. Ne1 Rc6 25. Qb2 Qxb2+ 26.
Kxb2 Rc8 27. g4 h5 28. g5 Nc6 29. f4 Ne7 30. Nc2 Kd7 31. Rg3 h4 32. Rh3 Rh7
33. Ne3 Rhh8 34. Rg1 Nc6 {Game drawn by mutual agreement} 1/2-1/2

[Event "ICC tourney 1954 (60 10)"]
[Site "Internet Chess Club"]
[Date "2020.08.07"]
[Round "1"]
[White "AlexR2007"]
[Black "kd9junior"]
[Result "1-0"]
[ICCResult "Black checkmated"]
[WhiteElo "974"]
[BlackElo "1232"]
[Opening "Sicilian: dragon, classical attack"]
[ECO "B72"]
[NIC "SI.16"]
[Time "12:22:22"]
[TimeControl "3600+10"]

1. e4 c5 2. Nf3 d6 3. d4 cxd4 4. Nxd4 Nf6 5. Nc3 g6 6. Be3 Bg7 7. Be2 Nc6 8.
Nf3 O-O 9. Qd2 Bd7 10. Bh6 Rc8 11. a3 a6 12. Bxg7 Kxg7 13. O-O-O b5 14. Nd5
Nxe4 15. Qe3 Nc5 16. h4 h5 17. Nf4 Rh8 18. Rd5 Qc7 19. Rhd1 Bf5 20. Rxf5
gxf5 21. Ng5 Kg8 22. Bxh5 Rxh5 23. Nxh5 Ne5 24. Rd2 Ncd3+ 25. Kb1 Nxb2 26.
Qg3 Qa5 27. Kxb2 Rc3 28. Nf3+ Ng6 29. Nf6+ Kf8 30. Qg5 Qxa3+ 31. Kb1 Qb4+
32. Kc1 Qa3+ 33. Kb1 exf6 34. Qxf6 Qb4+ 35. Kc1 Nf4 36. Ng5 Ke8 37. Qxf7+
Kd8 38. Ne6+ Nxe6 39. Qxe6 Qf4 40. g3 Qe4 41. Qxd6+ Ke8 42. Qd8+ Kf7 43.
Rd7+ Kg6 44. Qg5# {Black checkmated} 1-0

[Event "ICC tourney 1954 (60 10)"]
[Site "Internet Chess Club"]
[Date "2020.08.07"]
[Round "1"]
[White "SukrutN"]
[Black "KCchess"]
[Result "1-0"]
[ICCResult "Black checkmated"]
[WhiteElo "1140"]
[BlackElo "554"]
[Opening "Damiano's defense"]
[ECO "C40"]
[NIC "KP.10"]
[Time "12:29:31"]
[TimeControl "3600+10"]

1. e4 e5 2. Nf3 f6 3. Nc3 d6 4. Be2 Be6 5. O-O Nd7 6. b3 Qe7 7. Bb2 O-O-O 8.
d4 g5 9. d5 Bg4 10. h3 Bh5 11. Nb5 Nc5 12. Nxa7+ Kd7 13. Bb5+ c6 14. dxc6+
Kc7 15. cxb7 Be8 16. Bxe8 Qxe8 17. Qd5 Nxb7 18. Nb5+ Kb8 19. Nd2 Ne7 20. Qd3
Qc6 21. Rfd1 Ng6 22. a4 Nf4 23. Qe3 Qc5 24. Qxc5 Nxc5 25. f3 d5 26. exd5
Nxd5 27. Nc4 Kb7 28. Na5+ Kb6 29. Nc4+ Ka6 30. Rxd5 Rxd5 31. Nc7+ Kb7 32.
Nxd5 e4 33. fxe4 Nxe4 34. Ba3 f5 35. Bxf8 Rxf8 36. Kh2 f4 37. a5 Nc5 38.
Ndb6 f3 39. gxf3 Rxf3 40. b4 Ne4 41. a6+ Ka7 42. Nc8+ Kb8 43. a7+ Kc7 44.
a8=Q Rf2+ 45. Kg1 Rf4 46. Ra7+ Kd8 47. N8d6# {Black checkmated} 1-0

[Event "ICC tourney 1954 (60 10)"]
[Site "Internet Chess Club"]
[Date "2020.08.07"]
[Round "1"]
[White "Metaworldchess"]
[Black "guyd52"]
[Result "1-0"]
[ICCResult "Black checkmated"]
[WhiteElo "1341"]
[BlackElo "975"]
[Opening "Robatsch defense: Pseudo-Austrian attack"]
[ECO "B06"]
[NIC "PU.05"]
[Time "12:21:43"]
[TimeControl "3600+10"]

1. e4 g6 2. d4 d6 3. Nc3 Bg7 4. f4 Nf6 5. Nf3 Nbd7 6. Be2 e5 7. fxe5 dxe5 8.
d5 O-O 9. O-O Nc5 10. Bg5 Qd6 11. Bxf6 Bxf6 12. Kh1 a6 13. a4 Qb6 14. Rb1
Qb4 15. Nd2 Be7 16. Nc4 Bd6 17. Qd2 Bd7 18. b3 b5 19. Nxd6 cxd6 20. axb5
axb5 21. Qe3 Qa5 22. b4 Qb6 23. bxc5 dxc5 24. Nxb5 Rac8 25. c4 f6 26. Rb2
Kg7 27. Rfb1 Qa6 28. Nc3 Rc7 29. Ra2 Qc8 30. Rba1 Qb7 31. h3 h5 32. Qc1 Rfc8
33. Bd1 Qb4 34. Be2 Qb6 35. Rb1 Qd6 36. Nb5 Bxb5 37. Rxb5 Qd7 38. Qa1 Kh6
39. Ra6 Qd8 40. Rbb6 Kg7 41. Qa4 Rb8 42. Qb5 Rxb6 43. Qxb6 Rd7 44. Qxd8 Rxd8
45. Rc6 Kf7 46. Rxc5 Ke7 47. Rc6 Rb8 48. Kh2 Rb2 49. Bf3 g5 50. c5 g4 51.
hxg4 hxg4 52. Bxg4 Rd2 53. d6+ Kd8 54. Rc8# {Black checkmated} 1-0

[Event "ICC tourney 1954 (60 10)"]
[Site "Internet Chess Club"]
[Date "2020.08.07"]
[Round "1"]
[White "nonowho"]
[Black "MSU8899"]
[Result "1-0"]
[ICCResult "Black checkmated"]
[WhiteElo "1369"]
[BlackElo "998"]
[Opening "QGD: Cambridge Springs defense, Bogolyubov variation"]
[ECO "D43"]
[NIC "QP.08"]
[Time "12:34:13"]
[TimeControl "3600+10"]

1. d4 d5 2. c4 Nf6 3. Nc3 c6 4. Bg5 e6 5. Nf3 Bb4 6. Qc2 Nbd7 7. e3 Qa5 8.
Nd2 Ne4 9. Ncxe4 dxe4 10. Be2 Qxg5 11. O-O f5 12. c5 Bxd2 13. Qxd2 O-O 14.
Bc4 Nf6 15. b4 Nh5 16. a4 f4 17. Qa2 Qg6 18. Kh1 Qf6 19. b5 Bd7 20. bxc6
bxc6 21. Qb1 Qg6 22. Qb7 f3 23. Rg1 Qf7 24. Rab1 Nf6 25. Qc7 Ng4 26. Qg3 h5
27. h3 Nh6 28. gxf3 Nf5 29. Qf4 exf3 30. Rb7 Rfb8 31. Rxb8+ Rxb8 32. Qxb8+
Be8 33. Qe5 Bd7 34. Qf4 Kh8 35. e4 e5 36. Bxf7 exf4 37. exf5 Bxf5 38. Bg6
Bxh3 39. Re1 Bd7 40. Re7 Bc8 41. Re8# {Black checkmated} 1-0

[Event "ICC tourney 1954 (60 10)"]
[Site "Internet Chess Club"]
[Date "2020.08.07"]
[Round "1"]
[White "Saturn015"]
[Black "KanekiB"]
[Result "0-1"]
[ICCResult "White checkmated"]
[WhiteElo "1192"]
[BlackElo "1153"]
[Opening "Queen's pawn: London system"]
[ECO "A45"]
[NIC "QP.07"]
[Time "12:21:56"]
[TimeControl "3600+10"]

1. d4 Nf6 2. Bf4 d5 3. e3 Bf5 4. c4 e6 5. Nc3 Bb4 6. Qb3 Nc6 7. a3 Bxc3+ 8.
Qxc3 Ne4 9. Qc1 O-O 10. Nf3 Na5 11. Ra2 Nxc4 12. b3 Ncd6 13. Be2 Rc8 14. b4
c6 15. Nd2 g5 16. Bg3 Nxd2 17. Rxd2 Ne4 18. Ra2 a5 19. O-O Nxg3 20. hxg3
axb4 21. axb4 Bg6 22. Qd1 Ra8 23. Rb2 Kg7 24. Kh2 h5 25. Rh1 Qf6 26. Kg1 Rh8
27. Bxh5 Rxh5 28. Rxh5 Bxh5 29. Qxh5 Ra1+ 30. Kh2 Qh6 31. Qxh6+ Kxh6 32. g4
Kg6 33. Kg3 f5 34. b5 Ra3 35. bxc6 bxc6 36. Rb8 f4+ 37. Kf3 fxe3 38. fxe3
Rc3 39. Rg8+ Kf6 40. Rc8 Kf7 41. Rc7+ Kg6 42. Rc8 Kf7 43. Rc7+ Kf6 44. Ke2
Rc2+ 45. Kf3 Rc1 46. Rc8 Kf7 47. Rc7+ Kf6 48. Rc8 e5 49. dxe5+ Kxe5 50. Re8+
Kf6 51. Rf8+ Kg7 52. Rc8 Rc3 53. Ke2 Rc4 54. Rc7+ Kf6 55. Kd3 Ke6 56. Ke2
Kd6 57. Rg7 Rxg4 58. Kf3 Re4 59. Rxg5 Re7 60. Rg6+ Re6 61. Rg4 Kc5 62. Rd4
Re7 63. g4 Kd6 64. e4 Ke5 65. Ke3 Rh7 66. Rd1 d4+ 67. Kd3 Rh3+ 68. Kc4 Rc3+
69. Kb4 Kxe4 70. Re1+ Re3 71. Rc1 c5+ 72. Rxc5 Re1 73. Rc4 Ke3 74. g5 d3 75.
Rc3 Ke2 76. g6 d2 77. Rc2 Rb1+ 78. Kc3 Rc1 79. g7 Rxc2+ 80. Kb4 Rc8 81. g8=Q
Rxg8 82. Kc4 d1=Q 83. Kc3 Rc8+ 84. Kb2 Qd7 85. Kb3 Qb7+ 86. Ka4 Ra8#
{White checkmated}
0-1

[Event "ICC tourney 1954 (60 10)"]
[Site "Internet Chess Club"]
[Date "2020.08.07"]
[Round "1"]
[White "GoFest04"]
[Black "ChemStud24"]
[Result "1/2-1/2"]
[ICCResult "Game drawn because neither player has mating material"]
[WhiteElo "1114"]
[BlackElo "1352"]
[Opening "Queen's Indian: 4.g3 Bb7"]
[ECO "E15"]
[NIC "QI.06"]
[Time "12:22:16"]
[TimeControl "3600+10"]

1. d4 Nf6 2. c4 e6 3. Nf3 b6 4. g3 Bb7 5. Bg2 d5 6. Nbd2 c5 7. cxd5 Nxd5 8.
e3 cxd4 9. exd4 Ba6 10. Qa4+ Qd7 11. Qxd7+ Nxd7 12. Ne5 Nxe5 13. dxe5 Bc5
14. Nb3 Bb4+ 15. Bd2 Bxd2+ 16. Nxd2 Rc8 17. Bf1 Bb7 18. Bg2 Rc2 19. Ne4 O-O
20. b3 Nc3 21. Nf6+ gxf6 22. Bxb7 Re2+ 23. Kf1 Rxe5 24. Kg2 Rd8 25. Rhc1 Nd5
26. Rc8 Rxc8 27. Bxc8 Re2 28. Ba6 Rc2 29. a4 Rb2 30. Bc4 Ne3+ 31. Kg1 Nxc4
32. bxc4 Rb4 33. a5 Rxc4 34. axb6 axb6 35. Rb1 Rc6 36. Kf1 e5 37. Rb2 f5 38.
Rb5 Re6 39. f3 f6 40. f4 e4 41. Ke2 Kg7 42. Rxf5 Kg6 43. Rd5 Rc6 44. Ke3 f5
45. g4 Rc3+ 46. Kf2 Rd3 47. Rxf5 Rf3+ 48. Kg2 h5 49. Rg5+ Kf6 50. Rf5+ Kg6
51. Rg5+ Kf6 52. Rf5+ Kg7 53. gxh5 Kh6 54. Rf6+ Kxh5 55. Rxb6 Rxf4 56. Rb5+
Kg4 57. h3+ Kh4 58. Rb1 e3 59. Rf1 Re4 60. Re1 Re7 61. Kf3 e2 62. Rxe2 Rxe2
63. Kxe2 Kxh3 {Game drawn because neither player has mating material}
1/2-1/2

[Event "ICC tourney 1954 (60 10)"]
[Site "Internet Chess Club"]
[Date "2020.08.07"]
[Round "2"]
[White "stanwang"]
[Black "Aidenmaps"]
[Result "1-0"]
[ICCResult "Black resigns"]
[WhiteElo "1390"]
[BlackElo "972"]
[Opening "French defense"]
[ECO "C00"]
[NIC "FR.01"]
[Time "15:30:56"]
[TimeControl "3600+10"]

1. e4 e6 2. Nf3 d5 3. exd5 exd5 4. d4 Nf6 5. c4 dxc4 6. Bxc4 Bb4+ 7. Bd2
Bxd2+ 8. Nbxd2 O-O 9. O-O Bf5 10. Re1 Nc6 11. Nb3 Re8 12. Bd3 Qd5 13. Qd2
Rad8 14. Rac1 b6 15. Bxf5 Qxf5 16. Rxc6 {Black resigns} 1-0

[Event "ICC tourney 1954 (60 10)"]
[Site "Internet Chess Club"]
[Date "2020.08.07"]
[Round "2"]
[White "FatGuyIsRoux"]
[Black "BabyFelix"]
[Result "0-1"]
[ICCResult "White resigns"]
[WhiteElo "140"]
[BlackElo "1065"]
[Opening "Giuoco Piano"]
[ECO "C54"]
[NIC "IG.02"]
[Time "15:30:20"]
[TimeControl "3600+10"]

1. e4 e5 2. Nf3 Nc6 3. Bc4 Bc5 4. c3 Nf6 5. d3 O-O 6. b4 Bb6 7. a4 a5 8. b5
Ne7 9. O-O Ng6 10. Bg5 h6 11. Bxf6 Qxf6 12. Re1 Nf4 13. Nbd2 d6 14. Nf1 Bg4
15. h3 Nxh3+ 16. gxh3 Bxf3 17. Qd2 Qg6+ 18. Ng3 Qxg3+ 19. Kf1 {White
resigns} 0-1

[Event "ICC tourney 1954 (60 10)"]
[Site "Internet Chess Club"]
[Date "2020.08.07"]
[Round "2"]
[White "firelionpro"]
[Black "layla0422"]
[Result "0-1"]
[ICCResult "White checkmated"]
[WhiteElo "839"]
[BlackElo "1184"]
[Opening "Giuoco Piano"]
[ECO "C50"]
[NIC "IG.02"]
[Time "15:30:12"]
[TimeControl "3600+10"]

1. e4 e5 2. Nf3 Nc6 3. Bc4 Bc5 4. Ng5 Nh6 5. d3 O-O 6. Qh5 Qf6 7. O-O Nd4 8.
Nf3 Nxc2 9. Bxh6 Qxh6 10. Qg4 d5 11. Qg3 dxc4 12. dxc4 Nxa1 13. Nxe5 Bd6 14.
Qc3 Qh5 15. Na3 Bxe5 16. Qxe5 Qxe5 17. Rxa1 Qxb2 18. Rf1 Qxa3 19. e5 Qe7 20.
Re1 Qg5 21. g3 Bh3 22. Kh1 Qf5 23. e6 Qf3+ 24. Kg1 Qg2# {White checkmated}
0-1

[Event "ICC tourney 1954 (60 10)"]
[Site "Internet Chess Club"]
[Date "2020.08.07"]
[Round "2"]
[White "Snowzera"]
[Black "sahithyansaran"]
[Result "1-0"]
[ICCResult "Black checkmated"]
[WhiteElo "1054"]
[BlackElo "540"]
[Opening "Ruy Lopez: old Steinitz defense"]
[ECO "C62"]
[NIC "RL.02"]
[Time "15:30:16"]
[TimeControl "3600+10"]

1. e4 e5 2. Nf3 Nc6 3. Bb5 d6 4. h3 Bd7 5. Nc3 a6 6. Bc4 Nf6 7. d3 b5 8. Bd5
Nxd5 9. Nxd5 Nd4 10. Nxd4 exd4 11. c3 dxc3 12. bxc3 Be6 13. Nf4 d5 14. Nxe6
fxe6 15. Qh5+ g6 16. Qe5 Qe7 17. Qxh8 Qg7 18. Qxg7 Bxg7 19. exd5 exd5 20.
O-O Bxc3 21. Rb1 Kf7 22. Bb2 Bxb2 23. Rxb2 Re8 24. Rc2 Rc8 25. Rfc1 c6 26.
Rxc6 Ra8 27. Rc7+ Ke6 28. R1c6+ Ke5 29. Re7+ Kf5 30. Ree6 a5 31. Ra6 Rb8 32.
Reb6 Re8 33. Rxa5 Re1+ 34. Kh2 Re2 35. Rbxb5 Rxf2 36. Rxd5+ Ke6 37. Re5+ Kd6
38. Rad5+ Kc6 39. a4 Kb6 40. a5+ Ka6 41. Re6+ Kb7 42. Rd7+ Kc8 43. Rg7 Rf8
44. a6 Kb8 45. a7+ Ka8 46. Ree7 h5 47. Rgf7 Rd8 48. d4 h4 49. Rd7 Re8 50. d5
g5 51. d6 g4 52. Rde7 Rxe7 53. Rxe7 gxh3 54. Re8+ Kb7 55. a8=Q+ Kb6 56. Qd8+
Kb7 57. Re7+ Kc6 58. Qc7+ Kd5 59. Kxh3 Kd4 60. d7 Kd3 61. d8=Q#
{Black checkmated}
1-0

[Event "ICC tourney 1954 (60 10)"]
[Site "Internet Chess Club"]
[Date "2020.08.07"]
[Round "2"]
[White "Checkmate1970"]
[Black "chessadpa"]
[Result "1-0"]
[ICCResult "Black checkmated"]
[WhiteElo "994"]
[BlackElo "1133"]
[Opening "Giuoco Piano"]
[ECO "C54"]
[NIC "IG.02"]
[Time "15:30:09"]
[TimeControl "3600+10"]

1. e4 e5 2. Nf3 Nc6 3. Bc4 Bc5 4. c3 Nf6 5. d4 exd4 6. cxd4 Bb6 7. Nc3 O-O
8. O-O d6 9. e5 dxe5 10. dxe5 Qxd1 11. Rxd1 Nd7 12. e6 Nde5 13. exf7+ Nxf7
14. Ng5 Ne5 15. Bxf7+ Nxf7 16. Nxf7 Kxf7 17. Be3 Bxe3 18. fxe3 Be6 19. Rf1+
Kg6 20. b3 c6 21. Rad1 Rad8 22. Rxf8 Rxf8 23. Ne4 Bf5 24. Nc5 b6 25. Nd7 Rd8
26. Ne5+ Kf6 27. Rxd8 Kxe5 28. Ra8 a5 29. Ra6 Ke4 30. Rxb6 Kxe3 31. b4 axb4
32. Rxb4 c5 33. Rc4 Be6 34. Rxc5 Bxa2 35. Rc7 Bb1 36. Rxg7 Kf4 37. g3+ Kf3
38. Rf7+ Kg4 39. Rf4+ Kg5 40. h4+ Kh5 41. Rb4 Bc2 42. Kf2 Bg6 43. Ke3 Kh6
44. Kf4 Kh5 45. Rb5+ Kh6 46. g4 Kg7 47. Rg5 Kh6 48. h5 Bb1 49. Rg8 Be4 50.
Kg3 Bb1 51. Kh4 Bc2 52. g5# {Black checkmated} 1-0

[Event "ICC tourney 1954 (60 10)"]
[Site "Internet Chess Club"]
[Date "2020.08.07"]
[Round "2"]
[White "lovechess12"]
[Black "akhanna"]
[Result "1-0"]
[ICCResult "Black checkmated"]
[WhiteElo "1222"]
[BlackElo "525"]
[Opening "Sicilian: dragon variation"]
[ECO "B70"]
[NIC "SI.15"]
[Time "15:30:19"]
[TimeControl "3600+10"]

1. e4 c5 2. Nf3 d6 3. d4 cxd4 4. Nxd4 Nf6 5. Nc3 g6 6. Bc4 Bg7 7. O-O O-O 8.
Qd3 Nc6 9. Nxc6 bxc6 10. f4 Qb6+ 11. Kh1 Bb7 12. Be3 Qxb2 13. Rab1 Qa3 14.
Rxb7 Rfb8 15. Rfb1 Rxb7 16. Rxb7 d5 17. exd5 Nxd5 18. Nxd5 Qxd3 19. Nxe7+
Kf8 20. Bxd3 Rd8 21. Nxc6 Re8 22. Rb8 Rxb8 23. Nxb8 Ke8 24. Bxa7 Kd8 25. Bc4
Kc7 26. Na6+ Kb7 27. Be3 Kc6 28. Bxf7 Kb5 29. Nc7+ Kc6 30. Ne8 Bf8 31. Nf6
h6 32. Bxg6 Kd6 33. f5 Ke5 34. Ng4+ Ke4 35. Bxh6 Bxh6 36. Nxh6 Kd4 37. f6
Kc3 38. f7 Kb2 39. f8=Q Kxa2 40. Qa8+ Kb2 41. Qb7+ Kc3 42. Qc6+ Kd4 43. Qe4+
Kc3 44. Ng4 Kb2 45. Ne3 Kc3 46. Qd3+ Kb4 47. Qc4+ Ka3 48. Qb3#
{Black checkmated}
1-0

[Event "ICC tourney 1954 (60 10)"]
[Site "Internet Chess Club"]
[Date "2020.08.07"]
[Round "2"]
[White "KanekiB"]
[Black "Jesserocks135"]
[Result "1-0"]
[ICCResult "Black checkmated"]
[WhiteElo "1104"]
[BlackElo "1168"]
[Opening "Sicilian: Nimzovich-Rossolimo attack (with ...g6, without ...d6)"]
[ECO "B31"]
[NIC "SI.31"]
[Time "15:33:41"]
[TimeControl "3600+10"]

1. e4 c5 2. Nf3 Nc6 3. Bb5 g6 4. Bxc6 bxc6 5. d4 cxd4 6. Nxd4 Ba6 7. Nc3 Nf6
8. Bf4 Bg7 9. Qd2 Ng8 10. Nf3 d6 11. O-O-O Nf6 12. e5 Ng4 13. exd6 Bxc3 14.
d7+ Kf8 15. Qxc3 Rg8 16. h3 Nxf2 17. Bh6+ Rg7 18. Qxg7# {Black checkmated}
1-0

[Event "ICC tourney 1954 (60 10)"]
[Site "Internet Chess Club"]
[Date "2020.08.07"]
[Round "2"]
[White "LittlePawn135"]
[Black "IsaacCumes"]
[Result "0-1"]
[ICCResult "White resigns"]
[WhiteElo "444"]
[BlackElo "984"]
[Opening "Ruy Lopez: Bird's defense"]
[ECO "C61"]
[NIC "RL.05"]
[Time "15:30:34"]
[TimeControl "3600+10"]

1. e4 e5 2. Nf3 Nc6 3. Bb5 Nd4 4. Be2 Nxf3+ 5. Bxf3 Nf6 6. d3 d5 7. exd5
Nxd5 8. Bxd5 Qxd5 9. O-O Bd6 10. Nc3 Qe6 11. Ne4 O-O 12. Qf3 Qg6 13. Kh1 Bg4
14. Qg3 f5 15. Nxd6 Qxd6 16. h3 Be2 17. Re1 f4 18. Qh4 f3 19. Qc4+ Kh8 20.
Be3 fxg2+ 21. Kxg2 Bf3+ 22. Kg1 Qg6+ 23. Qg4 Bxg4 24. hxg4 Qxg4+ 25. Kf1 Rf7
26. c4 Raf8 27. b4 Qh3+ 28. Ke2 Qf3+ 29. Kd2 Rd7 30. Kc3 Qf6 31. Kc2 Qd6 32.
Red1 Qa6 33. Bc5 Qa4+ 34. Kc1 Qa3+ 35. Kb1 Rxd3 36. Rxd3 Qxd3+ 37. Kb2 Rf3
38. Be3 Qxc4 39. a3 a5 40. Rd1 Rf8 41. Bc5 Rg8 42. Rc1 Qe2+ 43. Rc2 Qg4 44.
bxa5 Qa4 45. Bb4 Rd8 46. Rxc7 Qb5 47. Rc5 Qe2+ 48. Rc2 Qd3 49. Be7 Qd4+ 50.
Ka2 Qd5+ 51. Kb2 Qd4+ 52. Ka2 Re8 53. Kb1 h6 54. Bb4 Qd1+ 55. Rc1 Qd3+ 56.
Rc2 Rc8 {White resigns} 0-1

[Event "ICC tourney 1954 (60 10)"]
[Site "Internet Chess Club"]
[Date "2020.08.07"]
[Round "2"]
[White "suhavit"]
[Black "sstao17"]
[Result "1-0"]
[ICCResult "Black resigns"]
[WhiteElo "1097"]
[BlackElo "621"]
[Opening "King's pawn game"]
[ECO "C50"]
[NIC "IG.03"]
[Time "15:30:36"]
[TimeControl "3600+10"]

1. e4 e5 2. Nf3 Nc6 3. Bc4 h6 4. Nc3 Nf6 5. d3 d6 6. h3 Be7 7. O-O O-O 8.
Be3 a6 9. a3 Na5 10. Ba2 Nc6 11. Qd2 Bd7 12. Rfe1 Qc8 13. Kh2 Be6 14. Ne2
Bxa2 15. Rxa2 Qe6 16. Raa1 d5 17. exd5 Nxd5 18. Nc3 Nxe3 19. Qxe3 Bd6 20.
Kg1 Kh8 21. Rad1 f6 22. d4 Qe7 23. dxe5 Nxe5 24. Nxe5 fxe5 25. Ne4 b6 26.
Nxd6 cxd6 27. Qxb6 Rfb8 28. Qxd6 Qxd6 29. Rxd6 Re8 30. Rd5 Rac8 31. c3 Rb8
32. b4 Rbc8 33. Rc5 Rcd8 34. Rcxe5 Rf8 35. c4 Rd3 36. R5e3 Rd4 37. c5 Rc4
38. Re8 Rxe8 39. Rxe8+ Kh7 40. Rc8 Rc3 41. c6 Rxa3 42. c7 Rc3 43. Kf1 Rc6
44. Ke2 g6 45. Kd3 Kg7 46. Kd4 Rc2 47. Kd5 Kf7 48. Kd6 Rd2+ 49. Kc6 Rc2+ 50.
Kb7 Ke7 51. Rd8 {Black resigns} 1-0